 Dungeon Crawl Stone Soup version 0.30-a0-4-ga7cffc901d (webtiles) character file.

Game seed: 5646045368640161700

39 Setbun the Cutter (level 3, -1/24 HPs)
             Began as a Kobold Berserker on Aug 20, 2022.
             Was a Believer of Trog.
             Slain by Terence
             ... wielding a +0 vorpal falchion
              (11 damage)
             ... on level 2 of the Dungeon.
             The game lasted 00:01:33 (1767 turns).

Setbun the Cutter (Kobold Berserker)                Turns: 1767, Time: 00:01:34

Health: -1/24      AC:  2    Str: 14    XL:     3   Next: 70%
Magic:  3/3        EV: 15    Int:  8    God:    Trog [**....]
Gold:   102        SH:  0    Dex: 16    Spells: 2/2 levels left

rFire   . . .      SeeInvis .    a - +0 short sword
rCold   . . .      Faith    .    (no shield)
rNeg    . . .      Spirit   .    b - +0 animal skin
rPois   .          Reflect  .    (no helmet)
rElec   .          Harm     .    (no cloak)
rCorr   .          Rampage  .    (no gloves)
Will    +....                    (no boots)
Stlth   ++........               (no amulet)
HPRegen 0.08/turn                h - ring of willpower
MPRegen 0.08/turn                (no ring)

@: no status effects
A: small, no large weapons, nightstalker 3
a: Renounce Religion, Berserk, Trog's Hand


You were on level 2 of the Dungeon.
You worshipped Trog.
Trog was pleased with you.
You visited 1 branch of the dungeon, and saw 2 of its levels.

You collected 102 gold pieces.

Inventory:

Hand Weapons
 a - a +0 short sword (weapon)
Armour
 b - a +0 animal skin (worn)
Jewellery
 h - a ring of willpower (left hand)
Scrolls
 f - a scroll of teleportation {unknown}
 g - a scroll of blinking {unknown}
 j - a scroll of noise {unknown}
 k - a scroll of identify {unknown}
Potions
 c - 2 potions of cancellation {unknown}
 d - 2 potions of lignification {unknown}
 e - 2 potions of haste {unknown}
 i - a potion of degeneration {unknown}
 l - a potion of heal wounds {unknown}
 m - a potion of flight {unknown}


   Skills:
 + Level 3.8 Fighting
 * Level 5.3 Short Blades
 - Level 1.5 Armour
 - Level 2.4 Dodging


You had 2 spell levels left.
You didn't know any spells.
Your spell library was empty.

Dungeon Overview and Level Annotations

Branches:
Dungeon (2/15)

Altars:

Annotations:
D:2 Terence


Innate Abilities, Weirdness & Mutations

You are small and have problems with some larger weapons.
You are completely attuned to the shadows.


Message History

You completely miss Terence.
Terence is moderately wounded.
Terence closely misses you.
You hit Terence but do no damage.
Terence is moderately wounded.
Terence hits you with a +0 vorpal falchion!
You are too injured to fight recklessly!
You are too injured to fight recklessly!
You are too injured to fight recklessly!
You are too injured to fight recklessly!
You are too injured to fight recklessly!
You are too injured to fight recklessly!
You are too injured to fight recklessly!
You are too injured to fight recklessly!
You are too injured to fight recklessly!
You are too injured to fight recklessly!
You are too injured to fight recklessly!
You are too injured to fight recklessly!
You are too injured to fight recklessly!
You are too injured to fight recklessly!
You are too injured to fight recklessly!
You are too injured to fight recklessly!
You hit Terence but do no damage.
Terence is moderately wounded.
Terence completely misses you.
You hit Terence.
Terence is heavily wounded.
You hit Terence.
Terence is severely wounded.
Terence barely misses you.
You hit Terence but do no damage.
Terence is severely wounded.
Terence closely misses you.
You hit Terence.
Terence is severely wounded.
Terence barely misses you.
You closely miss Terence.
Terence is severely wounded.
Terence hits you with a +0 vorpal falchion!
You die...

....<.....##.# ##.#.........##
....(.....#..# #.....<.....##
.....†......#####.#........####
......>....###.................
##.....##.........##..........#
...#......................†...#
......###.##..................#
##............................#
.......###..##@..###..........#
##....###..###@#.# #....#######
....####.## ... ###.##.......#
#..# #..####..##.#####..
#.###...# #.............
###.#.....###.............
#......####.............##
....##.......#...........#
#..#.....................#


You could see Terence.

Vanquished Creatures
  An endoplasm (D:2)
  3 giant cockroaches
  2 goblins (D:1)
  3 hobgoblins (D:2)
  2 jackals (D:1)
  4 quokkas
  2 ball pythons (D:2)
  7 bats
  2 frilled lizards (D:2)
  3 kobolds (D:1)
  6 rats
35 creatures vanquished.

Notes
Turn   | Place    | Note
-------+----------+-------------------------------------------
     0 | D:1      | Setbun the Kobold Berserker began the quest for the Orb.
     0 | D:1      | Reached XP level 1. HP: 14/14 MP: 1/1
   193 | D:1      | Reached XP level 2. HP: 14/19 MP: 2/2
   907 | D:1      | Reached XP level 3. HP: 24/24 MP: 3/3
  1135 | D:2      | Reached skill level 5 in Short Blades
  1188 | D:2      | Reached ** piety under Trog
  1757 | D:2      | Noticed Terence
  1767 | D:2      | Slain by Terence

Illustrated notes

Levels and vault maps discovered:
D:1:      lightli_arrival_noodles, layout_loops_ring
D:2:      layout_rooms, hex_tiny, minmay_rat_gold_closets, uniq_terence,
          uniq_sigmund

Skill      XL: |  1  2  3 |
---------------+----------+-----
Short Blades   | 5 |  5.3
Fighting       | |  3.8
Armour         | |  1.5
Dodging        | |  2.4

Action                   || total
-------------------------++-------
Melee: Short sword       ||   121
       Punch             ||     1
 Stab: Sleeping          ||    13
Armor: Animal skin       ||    10
Dodge: Dodged            ||    66

Table legend: (Time is in decaauts)
 A = Elapsed time spent in this place.
 B = Non-inter-level travel time spent in this place.
 C = Inter-level travel time spent in this place.
 D = Time resting spent in this place.
 E = Time spent auto-exploring this place.
 F = Levels seen in this place.
 G = Mean time per level.
                   A        B        C        D        E       F      G
               +--------+--------+--------+--------+--------+-----+--------+
         Total |   1748 |   1719 |     29 |    131 |   1362 |   2 |  874.0 |
       Dungeon |   1748 |   1719 |     29 |    131 |   1362 |   2 |  874.0 |
               +--------+--------+--------+--------+--------+-----+--------+

Top non-repeatable levels by time:
     D:1: 1120 daAuts
     D:2: 628 daAuts
